[ AOE2 MATCH · #469737261 ]
UnrankedSlavs vs Mongols
[ REPLAY ANALYSIS · EXTRACTED FROM THE RECORDED GAME ]
Feudal
10:07
Castle
18:51
Imperial
35:40
| APM avg | 13.9 |
| APM peak | 30 |
| eAPM avg | 10.6 |
| Villagers / military | 107 / 138 |
Focus
⚔️ 35.5% · 🌾 64.5%
Militia ×55 · Spearman ×51 · Scorpion ×12 · Boyar ×7 · Knight ×6 · Mangonel ×5
Feudal
13:06
Castle
17:16
Imperial
36:10
| APM avg | 17.5 |
| APM peak | 51 |
| eAPM avg | 11.8 |
| Villagers / military | 117 / 134 |
Focus
⚔️ 19.2% · 🌾 80.8%
Bolas Rider ×108 · Kona ×20 · Trebuchet (Packed) ×4 · Monk ×1 · Skirmisher ×1
Feudal
10:33
Castle
14:33
Imperial
42:37
| APM avg | 26.3 |
| APM peak | 74 |
| eAPM avg | 15.3 |
| Villagers / military | 130 / 103 |
Focus
⚔️ 30.0% · 🌾 70.0%
Mangudai ×54 · Skirmisher ×40 · Steppe Lancer ×5 · Monk ×3 · Trebuchet (Packed) ×1
Feudal
11:18
Castle
20:17
Imperial
45:57
| APM avg | 16.8 |
| APM peak | 45 |
| eAPM avg | 10.3 |
| Villagers / military | 117 / 12 |
Focus
⚔️ 33.8% · 🌾 66.2%
Unknown (1974) ×45 · Unknown (1968) ×34 · Battering Ram ×5 · Spearman ×4 · Scout Cavalry ×3 · Unknown (1942) ×3
Feudal
10:06
Castle
14:24
Imperial
32:34
| APM avg | 37.6 |
| APM peak | 73 |
| eAPM avg | 17.9 |
| Villagers / military | 117 / 130 |
Focus
⚔️ 35.5% · 🌾 64.5%
Camel Scout ×84 · Hand Cannoneer ×35 · Monk ×8 · Trebuchet (Packed) ×3
Feudal
11:51
Castle
32:28
Imperial
47:01
| APM avg | 18.8 |
| APM peak | 65 |
| eAPM avg | 11.0 |
| Villagers / military | 105 / 72 |
Focus
⚔️ 29.5% · 🌾 70.5%
Steppe Lancer ×37 · Kipchak ×33 · Trebuchet (Packed) ×2
Match map
Initial resources + every placement click. Lines = walls · curves = elevation contours. ◆ gold · ⬟ stone · ● berries · ✦ relic · ◌ wall gap
Your base· Open — unwalled flank
trgouldi's base· Open — unwalled flank
风亲云蛋's base· Open — unwalled flank
Jamezbondage0069's base· Open — unwalled flank
TRANG's base· Open — unwalled flank
打井包出水's base· Open — 6t gap
Smoothed initial terrain · ◌ = detected wall gap · hover for details
Inputs per minute
— DaHeist - - trgouldi
Build order — DaHeist
First 150 of 287 actions detected
| 0:01 | Create | Villager (Male) |
| 0:02 | Create | Villager (Male) |
| 0:02 | Create | Villager (Male) |
| 0:04 | Build | House |
| 0:06 | Build | House |
| 1:14 | Create | Villager (Male) |
| 1:46 | Create | Villager (Male) |
| 1:46 | Create | Villager (Male) |
| 2:25 | Create | Villager (Male) |
| 2:37 | Build | Lumber Camp |
| 2:57 | Create | Villager (Male) |
| 2:57 | Create | Villager (Male) |
| 3:40 | Build | House |
| 3:43 | Build | House |
| 3:49 | Create | Villager (Male) |
| 3:50 | Create | Villager (Male) |
| 4:18 | Create | Villager (Male) |
| 4:18 | Create | Villager (Male) |
| 4:27 | Build | Mill |
| 4:54 | Create | Villager (Male) |
| 5:31 | Create | Villager (Male) |
| 5:31 | Create | Villager (Male) |
| 5:56 | Create | Villager (Male) |
| 6:14 | Research | Loom |
| 7:12 | Build | Mill |
| 7:18 | Create | Villager (Male) |
| 7:37 | Build | House |
| 7:57 | Research | Feudal Age |
| 8:06 | Build | Palisade Wall |
| 8:31 | Build | Lumber Camp |
| 9:17 | Build | Palisade Wall |
| 9:20 | Build | Palisade Wall |
| 9:29 | Create | Villager (Male) |
| 9:29 | Create | Villager (Male) |
| 10:07 | Age | Feudal Age |
| 10:21 | Create | Villager (Male) |
| 10:38 | Build | Farm |
| 10:39 | Build | Farm |
| 10:39 | Build | Farm |
| 10:43 | Research | Double-Bit Axe |
| 11:07 | Build | Barracks |
| 11:15 | Build | Farm |
| 11:37 | Build | Palisade Wall |
| 11:45 | Create | Villager (Male) |
| 11:46 | Create | Villager (Male) |
| 11:46 | Create | Villager (Male) |
| 11:47 | Create | Villager (Male) |
| 11:50 | Create | Spearman |
| 12:01 | Build | Stable |
| 12:29 | Create | Spearman |
| 12:29 | Create | Spearman |
| 12:49 | Build | Building 796 |
| 12:59 | Build | Farm |
| 13:03 | Build | Farm |
| 13:07 | Build | Farm |
| 13:22 | Build | House |
| 13:43 | Create | Villager (Male) |
| 13:43 | Create | Villager (Male) |
| 13:43 | Create | Villager (Male) |
| 13:58 | Build | Blacksmith |
| 14:06 | Build | Farm |
| 14:11 | Build | Farm |
| 14:19 | Build | Mining Camp |
| 14:54 | Create | Villager (Male) |
| 15:07 | Build | Market |
| 15:21 | Create | Villager (Male) |
| 16:11 | Research | Castle Age |
| 16:11 | Research | Castle Age |
| 16:38 | Build | Archery Range |
| 17:43 | Build | Mill |
| 17:58 | Create | Spearman |
| 17:58 | Create | Spearman |
| 17:58 | Create | Spearman |
| 17:59 | Create | Spearman |
| 18:00 | Create | Spearman |
| 18:03 | Build | Barracks |
| 18:12 | Build | House |
| 18:16 | Build | House |
| 18:51 | Age | Castle Age |
| 18:54 | Create | Knight |
| 18:58 | Create | Villager (Male) |
| 19:19 | Create | Knight |
| 19:20 | Create | Knight |
| 19:23 | Research | Forging |
| 19:30 | Build | House |
| 19:32 | Build | House |
| 19:59 | Create | Villager (Male) |
| 19:59 | Create | Villager (Male) |
| 20:00 | Create | Villager (Male) |
| 20:56 | Build | Town Center |
| 21:08 | Build | Siege Workshop |
| 21:19 | Create | Villager (Male) |
| 21:20 | Create | Villager (Male) |
| 21:20 | Create | Villager (Male) |
| 22:02 | Build | Monastery |
| 22:31 | Create | Villager (Male) |
| 22:32 | Create | Villager (Male) |
| 22:32 | Create | Villager (Male) |
| 22:52 | Build | House |
| 22:57 | Create | Monk |
| 23:01 | Create | Villager (Male) |
| 23:02 | Create | Villager (Male) |
| 23:02 | Create | Villager (Male) |
| 23:07 | Build | Farm |
| 23:33 | Build | House |
| 23:36 | Build | House |
| 23:42 | Create | Monk |
| 24:05 | Build | Farm |
| 24:05 | Build | Farm |
| 24:06 | Build | Farm |
| 24:06 | Build | Farm |
| 24:22 | Research | Horse Collar |
| 24:39 | Research | Pikeman (upgrade) |
| 24:43 | Build | House |
| 24:54 | Create | Spearman |
| 24:54 | Create | Spearman |
| 25:16 | Build | Farm |
| 25:42 | Create | Scorpion |
| 26:06 | Create | Villager (Male) |
| 26:07 | Create | Villager (Male) |
| 26:10 | Create | Villager (Male) |
| 26:10 | Create | Villager (Male) |
| 26:11 | Create | Villager (Male) |
| 26:23 | Build | Lumber Camp |
| 26:58 | Create | Knight |
| 26:59 | Create | Knight |
| 26:59 | Create | Knight |
| 27:03 | Create | Villager (Male) |
| 27:04 | Create | Villager (Male) |
| 27:05 | Research | Town Watch |
| 27:15 | Build | House |
| 27:18 | Build | House |
| 27:19 | Build | House |
| 27:37 | Create | Villager (Male) |
| 27:37 | Create | Villager (Male) |
| 27:37 | Create | Villager (Male) |
| 27:44 | Build | Town Center |
| 28:24 | Create | Villager (Male) |
| 28:24 | Create | Villager (Male) |
| 28:24 | Create | Villager (Male) |
| 28:25 | Create | Villager (Male) |
| 28:26 | Research | Wheelbarrow |
| 29:30 | Create | Spearman |
| 29:30 | Create | Spearman |
| 29:31 | Create | Spearman |
| 29:31 | Create | Spearman |
| 29:38 | Create | Mangonel |
| 30:07 | Create | Villager (Male) |
| 30:07 | Create | Villager (Male) |
| 30:07 | Create | Villager (Male) |
Build order — trgouldi
First 150 of 258 actions detected
| 0:06 | Build | House |
| 0:06 | Build | House |
| 0:08 | Create | Villager (Male) ×4 |
| 1:41 | Create | Villager (Male) |
| 2:10 | Build | Settlement |
| 2:14 | Create | Villager (Male) |
| 2:14 | Create | Villager (Male) |
| 2:27 | Create | Villager (Male) |
| 2:53 | Create | Villager (Male) |
| 3:19 | Create | Villager (Male) |
| 3:48 | Research | Loom |
| 3:50 | Create | Villager (Male) |
| 4:17 | Research | Loom |
| 4:23 | Build | Settlement |
| 5:15 | Create | Villager (Male) |
| 5:19 | Create | Villager (Male) |
| 6:15 | Create | Villager (Male) |
| 6:15 | Create | Villager (Male) |
| 6:28 | Create | Villager (Male) |
| 6:29 | Create | Villager (Male) |
| 6:50 | Create | Villager (Male) |
| 7:19 | Create | Villager (Male) |
| 7:20 | Create | Villager (Male) |
| 7:40 | Build | House |
| 7:42 | Build | House |
| 8:17 | Build | Settlement |
| 8:27 | Create | Villager (Male) |
| 8:59 | Create | Villager (Male) |
| 9:36 | Create | Villager (Male) |
| 9:52 | Build | Barracks |
| 9:54 | Build | House |
| 10:04 | Create | Villager (Male) |
| 10:56 | Research | Feudal Age |
| 11:14 | Build | Settlement |
| 11:18 | Create | Villager (Male) |
| 11:18 | Create | Villager (Male) |
| 13:06 | Age | Feudal Age |
| 13:10 | Build | Archery Range |
| 13:15 | Build | Market |
| 14:36 | Research | Castle Age |
| 15:18 | Build | House |
| 15:25 | Build | House |
| 15:34 | Research | Double-Bit Axe |
| 15:59 | Build | Archery Range |
| 16:11 | Build | Farm |
| 16:12 | Build | Farm |
| 17:16 | Age | Castle Age |
| 17:20 | Create | Bolas Rider ×5 |
| 17:24 | Create | Villager (Male) |
| 17:25 | Create | Villager (Male) |
| 17:25 | Create | Villager (Male) |
| 17:38 | Create | Bolas Rider |
| 17:46 | Build | Farm |
| 17:48 | Build | Farm |
| 17:53 | Build | Farm |
| 17:57 | Build | Farm |
| 18:02 | Build | Farm |
| 18:05 | Build | Farm |
| 18:14 | Create | Villager (Male) |
| 18:18 | Create | Bolas Rider |
| 18:27 | Build | Farm |
| 18:54 | Build | Farm |
| 20:12 | Create | Bolas Rider ×4 |
| 20:18 | Build | Farm |
| 20:19 | Create | Villager (Male) |
| 20:20 | Create | Villager (Male) |
| 20:21 | Create | Villager (Male) |
| 20:26 | Research | Horse Collar |
| 20:36 | Create | Bolas Rider ×2 |
| 20:52 | Build | Farm |
| 21:36 | Build | Blacksmith |
| 21:39 | Create | Villager (Male) |
| 21:40 | Create | Villager (Male) |
| 21:57 | Build | Town Center |
| 22:04 | Create | Villager (Male) |
| 22:08 | Create | Villager (Male) |
| 22:09 | Create | Villager (Male) |
| 22:25 | Research | Tech 1402 |
| 22:49 | Create | Villager (Male) |
| 22:50 | Create | Villager (Male) |
| 23:06 | Create | Villager (Male) |
| 23:06 | Create | Villager (Male) |
| 23:14 | Create | Bolas Rider ×3 |
| 23:59 | Research | Forging |
| 24:05 | Create | Villager (Male) ×5 |
| 24:27 | Create | Bolas Rider |
| 24:27 | Create | Bolas Rider |
| 24:29 | Create | Bolas Rider |
| 24:29 | Create | Bolas Rider |
| 24:37 | Create | Villager (Male) |
| 24:37 | Create | Villager (Male) |
| 25:13 | Research | Fletching |
| 25:15 | Create | Villager (Male) |
| 25:40 | Build | Town Center |
| 26:02 | Create | Villager (Male) |
| 26:02 | Create | Villager (Male) |
| 26:03 | Create | Villager (Male) |
| 26:03 | Create | Villager (Male) |
| 27:18 | Create | Villager (Male) |
| 27:18 | Create | Villager (Male) |
| 27:19 | Create | Villager (Male) |
| 27:20 | Create | Villager (Male) |
| 27:25 | Build | University |
| 27:38 | Research | Town Watch |
| 27:41 | Create | Villager (Male) |
| 27:42 | Create | Villager (Male) |
| 27:42 | Create | Villager (Male) |
| 28:16 | Build | Farm |
| 28:18 | Create | Villager (Male) |
| 28:36 | Research | Ballistics |
| 28:42 | Build | Farm |
| 28:46 | Build | Monastery |
| 28:48 | Create | Villager (Male) |
| 28:50 | Create | Villager (Male) |
| 28:50 | Create | Villager (Male) |
| 28:51 | Create | Villager (Male) |
| 28:52 | Create | Villager (Male) |
| 29:06 | Build | Farm |
| 29:29 | Build | Castle |
| 29:37 | Build | Farm |
| 29:38 | Create | Villager (Male) |
| 29:39 | Create | Villager (Male) |
| 29:47 | Create | Villager (Male) |
| 29:48 | Create | Villager (Male) |
| 29:49 | Create | Villager (Male) |
| 29:49 | Create | Villager (Male) |
| 29:53 | Build | House |
| 29:54 | Build | House |
| 29:55 | Build | House |
| 29:56 | Build | House |
| 30:04 | Create | Bolas Rider ×3 |
| 30:27 | Build | Outpost |
| 30:30 | Build | Outpost |
| 30:33 | Build | Outpost |
| 30:43 | Build | Farm |
| 30:44 | Build | Farm |
| 30:56 | Build | Farm |
| 30:57 | Create | Monk |
| 31:07 | Research | Malon |
| 33:00 | Research | Imperial Age |
| 33:04 | Create | Villager (Male) |
| 33:04 | Create | Villager (Male) |
| 33:41 | Build | Farm |
| 33:48 | Create | Villager (Male) |
| 33:49 | Create | Villager (Male) |
| 33:49 | Create | Villager (Male) |
| 33:49 | Create | Villager (Male) |
| 33:54 | Build | Settlement |
| 33:59 | Create | Villager (Male) |
| 33:59 | Create | Villager (Male) |
Build order — 风亲云蛋
First 150 of 380 actions detected
| 0:01 | Create | Villager (Male) |
| 0:01 | Create | Villager (Male) |
| 0:01 | Create | Villager (Male) |
| 0:02 | Build | House |
| 0:04 | Build | House |
| 0:37 | Create | Villager (Male) |
| 0:37 | Create | Villager (Male) |
| 1:46 | Create | Villager (Male) |
| 1:46 | Create | Villager (Male) |
| 2:11 | Create | Villager (Male) |
| 2:12 | Create | Villager (Male) |
| 2:12 | Create | Villager (Male) |
| 2:47 | Build | Lumber Camp |
| 3:12 | Create | Villager (Male) |
| 3:13 | Create | Villager (Male) |
| 3:14 | Create | Villager (Male) |
| 3:57 | Create | Villager (Male) |
| 4:02 | Build | House |
| 4:43 | Create | Villager (Male) |
| 5:00 | Create | Villager (Male) |
| 5:16 | Build | Mill |
| 5:18 | Create | Villager (Male) |
| 5:45 | Create | Villager (Male) |
| 6:03 | Create | Villager (Male) |
| 6:22 | Build | House |
| 6:49 | Create | Villager (Male) |
| 7:10 | Build | Mill |
| 7:15 | Create | Villager (Male) |
| 7:48 | Build | Mining Camp |
| 7:50 | Create | Villager (Male) |
| 8:23 | Research | Feudal Age |
| 9:07 | Build | House |
| 9:55 | Create | Villager (Male) |
| 9:57 | Create | Villager (Male) |
| 10:33 | Age | Feudal Age |
| 10:39 | Build | Blacksmith |
| 10:44 | Build | Market |
| 10:54 | Create | Villager (Male) |
| 11:05 | Build | Lumber Camp |
| 11:53 | Research | Castle Age |
| 12:14 | Build | Mining Camp |
| 13:18 | Create | Villager (Male) |
| 13:19 | Create | Villager (Male) |
| 13:48 | Research | Double-Bit Axe |
| 14:08 | Research | Stone Mining |
| 14:33 | Age | Castle Age |
| 14:52 | Create | Villager (Male) |
| 15:17 | Build | Farm |
| 15:19 | Create | Villager (Male) |
| 15:22 | Build | Farm |
| 15:27 | Build | Farm |
| 16:08 | Build | Farm |
| 16:09 | Create | Villager (Male) |
| 16:16 | Build | House |
| 16:29 | Research | Loom |
| 16:38 | Build | Farm |
| 17:03 | Create | Villager (Male) |
| 17:31 | Create | Villager (Male) |
| 17:33 | Build | Farm |
| 18:10 | Build | Castle |
| 18:19 | Build | House |
| 18:24 | Build | House |
| 18:30 | Build | Palisade Wall |
| 18:56 | Build | Farm |
| 18:57 | Create | Villager (Male) |
| 19:11 | Research | Fletching |
| 19:14 | Create | Villager (Male) |
| 20:09 | Build | Farm |
| 20:12 | Build | Farm |
| 20:13 | Create | Villager (Male) |
| 20:13 | Create | Villager (Male) |
| 20:20 | Research | Horse Collar |
| 20:20 | Research | Horse Collar |
| 20:44 | Build | Castle |
| 20:48 | Build | Farm |
| 20:57 | Build | Barracks |
| 21:11 | Create | Villager (Male) |
| 21:11 | Create | Villager (Male) |
| 21:13 | Build | Farm |
| 21:30 | Create | Villager (Male) |
| 21:46 | Build | Farm |
| 22:00 | Build | Stable |
| 22:15 | Build | Farm |
| 22:16 | Create | Villager (Male) |
| 22:48 | Build | Farm |
| 22:59 | Build | Farm |
| 23:00 | Create | Mangudai |
| 23:00 | Create | Mangudai |
| 23:00 | Create | Mangudai |
| 23:18 | Research | Bodkin Arrow |
| 23:49 | Build | Monastery |
| 23:52 | Research | Bloodlines |
| 24:28 | Create | Mangudai |
| 24:28 | Create | Mangudai |
| 24:55 | Create | Mangudai |
| 25:56 | Create | Mangudai |
| 26:18 | Build | Town Center |
| 26:22 | Create | Villager (Male) |
| 26:22 | Create | Villager (Male) |
| 26:22 | Create | Villager (Male) |
| 26:23 | Create | Villager (Male) |
| 26:41 | Create | Mangudai |
| 27:06 | Build | Lumber Camp |
| 27:09 | Create | Villager (Male) |
| 27:09 | Create | Villager (Male) |
| 27:37 | Research | Padded Archer Armor |
| 28:17 | Create | Villager (Male) |
| 28:29 | Create | Villager (Male) |
| 28:40 | Create | Villager (Male) |
| 28:46 | Research | Bow Saw |
| 28:56 | Create | Monk |
| 29:13 | Create | Villager (Male) |
| 29:13 | Create | Villager (Male) |
| 29:16 | Create | Mangudai |
| 29:16 | Create | Mangudai |
| 29:30 | Create | Villager (Male) |
| 29:32 | Create | Villager (Male) |
| 29:46 | Research | Husbandry |
| 29:46 | Research | Husbandry |
| 30:00 | Create | Villager (Male) |
| 30:08 | Create | Monk |
| 30:14 | Build | Farm |
| 30:16 | Build | Farm |
| 30:23 | Create | Villager (Male) |
| 30:25 | Research | Gold Mining |
| 30:29 | Research | Stone Shaft Mining |
| 30:34 | Create | Villager (Male) |
| 30:35 | Create | Villager (Male) |
| 30:36 | Create | Villager (Male) |
| 31:10 | Create | Steppe Lancer |
| 31:10 | Create | Steppe Lancer |
| 31:11 | Create | Steppe Lancer |
| 31:49 | Create | Villager (Male) |
| 31:50 | Create | Villager (Male) |
| 31:51 | Create | Villager (Male) |
| 31:51 | Create | Villager (Male) |
| 32:03 | Build | Town Center |
| 32:06 | Create | Villager (Male) |
| 32:06 | Create | Villager (Male) |
| 32:21 | Create | Mangudai |
| 32:22 | Create | Mangudai |
| 32:25 | Research | Leather Archer Armor |
| 32:25 | Research | Leather Archer Armor |
| 32:25 | Research | Leather Archer Armor |
| 33:06 | Research | Heavy Plow |
| 33:11 | Create | Villager (Male) |
| 33:11 | Create | Villager (Male) |
| 33:30 | Create | Villager (Male) |
| 33:30 | Create | Villager (Male) |
| 33:38 | Build | Archery Range |
Build order — Jamezbondage0069
First 150 of 299 actions detected
| 0:02 | Create | Villager (Male) |
| 0:02 | Create | Villager (Male) |
| 0:02 | Create | Villager (Male) |
| 0:04 | Build | House |
| 0:07 | Build | House |
| 0:43 | Create | Villager (Male) |
| 1:39 | Create | Villager (Male) |
| 1:39 | Create | Villager (Male) |
| 1:53 | Build | Lumber Camp |
| 2:21 | Research | Loom |
| 2:22 | Create | Villager (Male) |
| 2:22 | Create | Villager (Male) |
| 3:33 | Create | Villager (Male) |
| 4:17 | Create | Villager (Male) |
| 4:18 | Create | Villager (Male) |
| 4:44 | Create | Villager (Male) |
| 4:50 | Build | Mill |
| 5:07 | Build | House |
| 6:27 | Create | Villager (Male) |
| 6:27 | Create | Villager (Male) |
| 6:28 | Create | Villager (Male) |
| 6:58 | Create | Villager (Male) |
| 7:17 | Create | Villager (Male) |
| 7:55 | Create | Villager (Male) |
| 8:59 | Build | House |
| 9:08 | Research | Feudal Age |
| 9:14 | Create | Villager (Male) |
| 9:35 | Build | Barracks |
| 9:52 | Build | Mining Camp |
| 10:12 | Create | Villager (Male) |
| 10:12 | Create | Villager (Male) |
| 10:26 | Build | House |
| 10:54 | Build | Palisade Wall |
| 11:15 | Build | Building 796 |
| 11:18 | Age | Feudal Age |
| 11:24 | Build | Palisade Wall |
| 11:28 | Create | Villager (Male) |
| 11:28 | Create | Villager (Male) |
| 11:32 | Create | Spearman |
| 11:37 | Research | Double-Bit Axe |
| 11:42 | Research | Horse Collar |
| 11:51 | Build | House |
| 11:54 | Build | House |
| 11:59 | Build | House |
| 12:05 | Build | Palisade Wall |
| 12:05 | Build | Palisade Wall |
| 12:19 | Build | Palisade Wall |
| 12:29 | Build | Farm |
| 12:32 | Build | Farm |
| 12:39 | Create | Villager (Male) |
| 12:46 | Build | Farm |
| 12:49 | Build | Farm |
| 13:10 | Build | Stable |
| 13:20 | Create | Villager (Male) |
| 13:41 | Build | Farm |
| 13:45 | Build | Farm |
| 13:48 | Create | Villager (Male) |
| 13:49 | Create | Villager (Male) |
| 14:21 | Build | Blacksmith |
| 15:02 | Create | Villager (Male) |
| 15:08 | Build | Farm |
| 15:32 | Build | Mill |
| 16:02 | Build | Farm |
| 16:10 | Build | Farm |
| 16:13 | Create | Villager (Male) |
| 16:13 | Create | Villager (Male) |
| 16:35 | Build | Farm |
| 16:59 | Build | Farm |
| 17:09 | Build | Farm |
| 17:11 | Build | Farm |
| 17:37 | Research | Castle Age |
| 17:57 | Build | Barracks |
| 18:12 | Create | Villager (Male) |
| 18:12 | Create | Villager (Male) |
| 18:43 | Create | Scout Cavalry |
| 18:43 | Create | Scout Cavalry |
| 18:43 | Create | Scout Cavalry |
| 19:42 | Build | Farm |
| 19:44 | Build | Farm |
| 19:59 | Build | Farm |
| 19:59 | Build | Farm |
| 20:17 | Age | Castle Age |
| 20:20 | Create | Unit 1974 |
| 20:20 | Create | Unit 1974 |
| 20:20 | Create | Unit 1974 |
| 20:21 | Create | Unit 1974 |
| 20:21 | Create | Unit 1974 |
| 20:21 | Create | Unit 1974 |
| 20:35 | Research | Bow Saw |
| 20:36 | Create | Villager (Male) |
| 20:37 | Create | Villager (Male) |
| 21:09 | Build | Mining Camp |
| 21:40 | Create | Villager (Male) |
| 21:40 | Create | Villager (Male) |
| 21:56 | Build | Siege Workshop |
| 21:59 | Create | Villager (Male) |
| 21:59 | Create | Villager (Male) |
| 22:07 | Build | Farm |
| 22:14 | Research | Heavy Plow |
| 22:24 | Create | Unit 1974 |
| 22:24 | Create | Unit 1974 |
| 22:28 | Create | Villager (Male) |
| 22:28 | Create | Villager (Male) |
| 22:32 | Build | Farm |
| 23:06 | Research | Gold Mining |
| 23:17 | Create | Battering Ram |
| 24:26 | Create | Battering Ram |
| 24:39 | Create | Villager (Male) |
| 24:40 | Create | Villager (Male) |
| 24:40 | Create | Villager (Male) |
| 24:41 | Create | Villager (Male) |
| 24:41 | Create | Villager (Male) |
| 25:23 | Create | Unit 1974 |
| 25:24 | Create | Unit 1974 |
| 25:24 | Create | Unit 1974 |
| 25:40 | Create | Unit 1974 |
| 26:00 | Create | Villager (Male) |
| 26:01 | Create | Villager (Male) |
| 26:03 | Create | Villager (Male) |
| 26:04 | Create | Villager (Male) |
| 26:16 | Create | Battering Ram |
| 26:29 | Create | Villager (Male) |
| 26:30 | Create | Villager (Male) |
| 26:30 | Create | Villager (Male) |
| 26:48 | Create | Unit 1974 |
| 26:48 | Create | Unit 1974 |
| 27:09 | Create | Villager (Male) |
| 27:09 | Create | Villager (Male) |
| 27:09 | Create | Villager (Male) |
| 27:26 | Create | Unit 1974 |
| 27:26 | Create | Unit 1974 |
| 27:44 | Create | Unit 1974 |
| 27:46 | Create | Unit 1974 |
| 27:46 | Create | Unit 1974 |
| 27:59 | Create | Villager (Male) |
| 28:00 | Create | Villager (Male) |
| 28:00 | Create | Villager (Male) |
| 28:00 | Create | Villager (Male) |
| 28:14 | Create | Villager (Male) |
| 28:14 | Create | Villager (Male) |
| 28:14 | Create | Villager (Male) |
| 28:15 | Create | Villager (Male) |
| 28:31 | Build | Castle |
| 28:34 | Create | Villager (Male) |
| 28:50 | Create | Villager (Male) |
| 29:38 | Create | Villager (Male) |
| 29:43 | Create | Unit 1974 |
| 29:43 | Create | Unit 1974 |
| 29:43 | Create | Unit 1974 |
| 29:44 | Create | Unit 1974 |
Build order — TRANG
First 150 of 395 actions detected
| 0:00 | Create | Villager (Male) |
| 0:00 | Create | Villager (Male) |
| 0:00 | Create | Villager (Male) |
| 0:01 | Create | Villager (Male) |
| 0:01 | Create | Villager (Male) |
| 0:03 | Build | House |
| 0:04 | Build | House |
| 1:01 | Create | Villager (Male) |
| 1:01 | Create | Villager (Male) |
| 1:02 | Create | Villager (Male) |
| 1:33 | Create | Villager (Male) |
| 1:33 | Create | Villager (Male) |
| 1:33 | Create | Villager (Male) |
| 1:55 | Build | Mill |
| 2:00 | Create | Villager (Male) |
| 2:00 | Create | Villager (Male) |
| 2:01 | Create | Villager (Male) |
| 2:26 | Create | Villager (Male) |
| 2:26 | Create | Villager (Male) |
| 2:48 | Create | Villager (Male) |
| 2:48 | Create | Villager (Male) |
| 3:00 | Build | House |
| 3:01 | Create | Villager (Male) |
| 3:01 | Create | Villager (Male) |
| 3:38 | Create | Villager (Male) |
| 3:38 | Create | Villager (Male) |
| 3:38 | Create | Villager (Male) |
| 3:38 | Create | Villager (Male) |
| 3:57 | Create | Villager (Male) |
| 3:57 | Create | Villager (Male) |
| 3:57 | Create | Villager (Male) |
| 4:28 | Create | Villager (Male) |
| 4:28 | Create | Villager (Male) |
| 4:41 | Build | House |
| 5:03 | Create | Villager (Male) |
| 5:40 | Create | Villager (Male) |
| 5:41 | Create | Villager (Male) |
| 5:48 | Create | Villager (Male) |
| 5:48 | Create | Villager (Male) |
| 5:49 | Create | Villager (Male) |
| 5:49 | Create | Villager (Male) |
| 5:49 | Create | Villager (Male) |
| 5:49 | Create | Villager (Male) |
| 6:12 | Build | Lumber Camp |
| 6:14 | Create | Villager (Male) |
| 6:14 | Create | Villager (Male) |
| 6:14 | Create | Villager (Male) |
| 7:37 | Build | Mining Camp |
| 7:43 | Research | Feudal Age |
| 8:17 | Build | Farm |
| 9:08 | Create | Villager (Male) |
| 9:10 | Research | Loom |
| 9:10 | Create | Villager (Male) |
| 10:06 | Age | Feudal Age |
| 10:08 | Create | Villager (Male) |
| 10:18 | Build | Market |
| 10:25 | Build | Blacksmith |
| 11:44 | Research | Castle Age |
| 12:10 | Build | Barracks |
| 12:51 | Research | Double-Bit Axe |
| 13:01 | Build | House |
| 13:20 | Build | Stable |
| 13:25 | Build | House |
| 13:30 | Build | Palisade Wall |
| 13:50 | Build | House |
| 14:00 | Create | Villager (Male) |
| 14:18 | Build | Palisade Wall |
| 14:24 | Age | Castle Age |
| 14:29 | Create | Camel Scout |
| 14:33 | Create | Villager (Male) |
| 14:41 | Build | Monastery |
| 14:56 | Build | Town Center |
| 15:06 | Build | House |
| 15:06 | Create | Villager (Male) |
| 15:07 | Create | Villager (Male) |
| 15:23 | Create | Monk |
| 15:23 | Create | Monk |
| 15:39 | Build | Farm |
| 15:49 | Create | Monk |
| 15:49 | Create | Monk |
| 15:59 | Build | Farm |
| 17:06 | Create | Villager (Male) |
| 17:06 | Create | Villager (Male) |
| 17:11 | Create | Monk |
| 17:15 | Build | House |
| 17:18 | Create | Villager (Male) |
| 17:42 | Create | Villager (Male) |
| 17:42 | Create | Villager (Male) |
| 17:44 | Build | Farm |
| 17:48 | Build | Town Center |
| 17:52 | Create | Villager (Male) |
| 18:07 | Build | Farm |
| 18:08 | Create | Villager (Male) |
| 18:13 | Build | House |
| 18:14 | Build | House |
| 18:15 | Build | House |
| 18:38 | Create | Villager (Male) |
| 18:38 | Create | Villager (Male) |
| 18:39 | Create | Villager (Male) |
| 18:41 | Build | Farm |
| 19:01 | Create | Villager (Male) |
| 19:01 | Create | Villager (Male) |
| 19:14 | Create | Camel Scout |
| 19:16 | Create | Monk |
| 19:17 | Create | Monk |
| 19:23 | Create | Villager (Male) |
| 19:33 | Build | Farm |
| 19:34 | Build | Farm |
| 19:35 | Create | Villager (Male) |
| 19:39 | Build | Farm |
| 19:50 | Research | Horse Collar |
| 19:52 | Create | Villager (Male) |
| 19:57 | Create | Villager (Male) |
| 19:57 | Create | Villager (Male) |
| 19:58 | Create | Villager (Male) |
| 20:10 | Create | Monk |
| 20:14 | Build | Farm |
| 20:28 | Build | Farm |
| 20:29 | Build | Farm |
| 20:32 | Build | Farm |
| 20:33 | Build | Farm |
| 20:34 | Build | Farm |
| 20:37 | Build | Farm |
| 20:44 | Build | Farm |
| 20:45 | Create | Villager (Male) |
| 20:47 | Create | Villager (Male) |
| 20:55 | Build | House |
| 20:55 | Build | House |
| 20:59 | Create | Villager (Male) |
| 21:00 | Create | Villager (Male) |
| 21:03 | Create | Villager (Male) |
| 21:05 | Create | Villager (Male) |
| 22:10 | Create | Villager (Male) |
| 22:10 | Create | Villager (Male) |
| 22:18 | Build | House |
| 22:19 | Build | House |
| 22:20 | Build | House |
| 22:21 | Build | House |
| 22:22 | Create | Villager (Male) |
| 22:23 | Create | Villager (Male) |
| 22:30 | Build | House |
| 22:32 | Research | Heavy Plow |
| 22:38 | Research | Stone Mining |
| 22:39 | Research | Gold Mining |
| 23:07 | Build | Lumber Camp |
| 23:33 | Create | Villager (Male) |
| 23:34 | Create | Villager (Male) |
| 23:56 | Create | Villager (Male) |
| 23:56 | Create | Villager (Male) |
| 23:57 | Create | Villager (Male) |
Build order — 打井包出水
First 150 of 276 actions detected
| 0:02 | Create | Villager (Male) |
| 0:02 | Create | Villager (Male) |
| 0:02 | Create | Villager (Male) |
| 0:04 | Build | House |
| 0:11 | Build | House |
| 0:14 | Build | House |
| 1:18 | Create | Villager (Male) |
| 1:18 | Create | Villager (Male) |
| 1:45 | Create | Villager (Male) |
| 1:45 | Create | Villager (Male) |
| 2:01 | Build | Mill |
| 2:51 | Create | Villager (Male) |
| 2:52 | Create | Villager (Male) |
| 2:52 | Create | Villager (Male) |
| 2:55 | Research | Loom |
| 3:23 | Create | Villager (Male) |
| 3:23 | Create | Villager (Male) |
| 3:23 | Create | Villager (Male) |
| 4:27 | Create | Villager (Male) |
| 4:28 | Create | Villager (Male) |
| 4:28 | Create | Villager (Male) |
| 4:28 | Create | Villager (Male) |
| 4:28 | Create | Villager (Male) |
| 5:09 | Build | House |
| 5:23 | Create | Villager (Male) |
| 5:23 | Create | Villager (Male) |
| 6:57 | Create | Villager (Male) |
| 6:58 | Create | Villager (Male) |
| 6:58 | Create | Villager (Male) |
| 6:59 | Create | Villager (Male) |
| 6:59 | Create | Villager (Male) |
| 6:59 | Create | Villager (Male) |
| 7:33 | Build | House |
| 8:04 | Build | Mining Camp |
| 9:05 | Build | Mining Camp |
| 9:17 | Create | Villager (Male) |
| 9:17 | Create | Villager (Male) |
| 9:22 | Research | Feudal Age |
| 10:02 | Create | Villager (Male) |
| 10:02 | Create | Villager (Male) |
| 10:13 | Build | Lumber Camp |
| 10:52 | Build | Farm |
| 11:19 | Build | Farm |
| 11:49 | Create | Villager (Male) |
| 11:49 | Create | Villager (Male) |
| 11:51 | Age | Feudal Age |
| 12:06 | Research | Wheelbarrow |
| 12:07 | Research | Town Watch |
| 12:22 | Build | Blacksmith |
| 13:01 | Build | House |
| 13:43 | Build | Market |
| 13:59 | Research | Double-Bit Axe |
| 14:04 | Research | Horse Collar |
| 14:29 | Build | Farm |
| 15:07 | Build | Barracks |
| 15:43 | Build | House |
| 15:52 | Create | Villager (Male) |
| 15:52 | Create | Villager (Male) |
| 15:52 | Create | Villager (Male) |
| 15:53 | Create | Villager (Male) |
| 15:53 | Create | Villager (Male) |
| 16:14 | Build | House |
| 16:38 | Build | Farm |
| 16:39 | Build | Farm |
| 16:41 | Build | Farm |
| 16:45 | Build | Farm |
| 17:08 | Build | Farm |
| 17:28 | Create | Villager (Male) |
| 17:29 | Create | Villager (Male) |
| 18:24 | Build | Town Center |
| 18:41 | Create | Villager (Male) |
| 18:42 | Create | Villager (Male) |
| 18:42 | Create | Villager (Male) |
| 18:42 | Create | Villager (Male) |
| 18:43 | Create | Villager (Male) |
| 18:43 | Create | Villager (Male) |
| 19:26 | Build | Farm |
| 19:28 | Build | Farm |
| 19:30 | Build | Farm |
| 19:44 | Build | Farm |
| 19:45 | Build | Farm |
| 19:45 | Build | Farm |
| 19:45 | Build | Farm |
| 19:46 | Build | Farm |
| 19:48 | Build | Farm |
| 20:29 | Build | Farm |
| 20:40 | Research | Scale Barding Armor |
| 20:41 | Research | Forging |
| 20:42 | Research | Scale Mail Armor |
| 20:46 | Create | Villager (Male) |
| 20:46 | Create | Villager (Male) |
| 20:47 | Create | Villager (Male) |
| 21:01 | Create | Villager (Male) |
| 21:01 | Create | Villager (Male) |
| 21:01 | Create | Villager (Male) |
| 21:01 | Create | Villager (Male) |
| 21:25 | Research | Gold Mining |
| 21:36 | Research | Stone Mining |
| 21:45 | Build | House |
| 21:48 | Build | House |
| 21:50 | Build | House |
| 22:16 | Create | Villager (Male) |
| 22:16 | Create | Villager (Male) |
| 22:17 | Create | Villager (Male) |
| 22:17 | Create | Villager (Male) |
| 22:18 | Create | Villager (Male) |
| 22:18 | Create | Villager (Male) |
| 23:03 | Build | Farm |
| 23:13 | Build | Farm |
| 23:58 | Build | Farm |
| 23:59 | Build | Farm |
| 23:59 | Build | Farm |
| 23:59 | Build | Farm |
| 24:00 | Build | Farm |
| 24:00 | Build | Farm |
| 24:12 | Build | House |
| 24:14 | Build | House |
| 24:16 | Build | House |
| 24:18 | Build | House |
| 24:29 | Create | Villager (Male) |
| 24:30 | Create | Villager (Male) |
| 24:30 | Create | Villager (Male) |
| 24:30 | Create | Villager (Male) |
| 24:31 | Create | Villager (Male) |
| 24:48 | Create | Villager (Male) |
| 24:48 | Create | Villager (Male) |
| 24:48 | Create | Villager (Male) |
| 24:48 | Create | Villager (Male) |
| 24:49 | Create | Villager (Male) |
| 24:49 | Create | Villager (Male) |
| 24:49 | Create | Villager (Male) |
| 24:49 | Create | Villager (Male) |
| 24:50 | Create | Villager (Male) |
| 25:41 | Build | Mining Camp |
| 26:13 | Build | Farm |
| 27:26 | Build | Farm |
| 27:28 | Build | Farm |
| 27:33 | Build | Farm |
| 27:39 | Build | House |
| 27:41 | Build | House |
| 27:57 | Create | Villager (Male) |
| 27:57 | Create | Villager (Male) |
| 27:58 | Create | Villager (Male) |
| 28:03 | Research | Castle Age |
| 28:08 | Build | Farm |
| 29:03 | Build | Stable |
| 29:12 | Build | Barracks |
| 29:18 | Build | Farm |
| 29:55 | Build | Farm |
| 30:01 | Create | Villager (Male) |
Match timeline
| 8:06 | DaHeist · wall_segment Palisade Wall x8 |
| 9:17 | DaHeist · wall_segment Palisade Wall x7 |
| 9:20 | DaHeist · wall_segment Palisade Wall x8 |
| 9:35 | Jamezbondage0069 · first_building Barracks |
| 9:52 | trgouldi · first_building Barracks |
| 10:06 | TRANG · age_up feudal |
| 10:07 | DaHeist · age_up feudal |
| 10:33 | 风亲云蛋 · age_up feudal |
| 10:54 | Jamezbondage0069 · wall_segment Palisade Wall x6 |
| 11:07 | DaHeist · first_building Barracks |
| 11:18 | Jamezbondage0069 · age_up feudal |
| 11:19 | TRANG · first_market_buy 100 food |
| 11:24 | Jamezbondage0069 · wall_segment Palisade Wall x1 |
| 11:37 | DaHeist · wall_segment Palisade Wall x1 |
| 11:51 | 打井包出水 · age_up feudal |
| 12:01 | DaHeist · first_building Stable |
| 12:05 | Jamezbondage0069 · wall_segment Palisade Wall x2 |
| 12:05 | Jamezbondage0069 · wall_segment Palisade Wall x1 |
| 12:10 | TRANG · first_building Barracks |
| 12:19 | Jamezbondage0069 · wall_segment Palisade Wall x1 |
| 13:06 | trgouldi · age_up feudal |
| 13:10 | trgouldi · first_building Archery Range |
| 13:10 | Jamezbondage0069 · first_building Stable |
| 13:20 | TRANG · first_building Stable |
| 13:30 | TRANG · wall_segment Palisade Wall x5 |
| 14:14 | trgouldi · first_market_sell 100 wood |
| 14:18 | TRANG · wall_segment Palisade Wall x1 |
| 14:24 | TRANG · age_up castle |
| 14:33 | 风亲云蛋 · age_up castle |
| 14:41 | TRANG · first_building Monastery |
| 15:07 | 打井包出水 · first_building Barracks |
| 16:06 | DaHeist · first_market_sell 100 wood |
| 16:38 | DaHeist · first_building Archery Range |
| 17:16 | trgouldi · age_up castle |
| 18:10 | 风亲云蛋 · first_building Castle |
| 18:30 | 风亲云蛋 · wall_segment Palisade Wall x2 |
| 18:51 | DaHeist · age_up castle |
| 20:17 | Jamezbondage0069 · age_up castle |
| 20:57 | 风亲云蛋 · first_building Barracks |
| 21:08 | DaHeist · first_building Siege Workshop |
| 21:44 | trgouldi · first_market_buy 100 wood |
| 21:56 | Jamezbondage0069 · first_building Siege Workshop |
| 22:00 | 风亲云蛋 · first_building Stable |
| 22:02 | DaHeist · first_building Monastery |
| 23:49 | 风亲云蛋 · first_building Monastery |
| 26:39 | 风亲云蛋 · first_market_sell 100 food |
| 28:31 | Jamezbondage0069 · first_building Castle |
| 28:46 | trgouldi · first_building Monastery |
| 29:03 | 打井包出水 · first_building Stable |
| 29:19 | TRANG · first_building Castle |
| 29:29 | trgouldi · first_building Castle |
| 29:34 | TRANG · wall_segment Stone Wall x11 |
| 29:54 | TRANG · wall_segment Stone Wall x16 |
| 30:55 | DaHeist · first_market_buy 100 stone |
| 31:05 | DaHeist · first_building Castle |
| 31:43 | TRANG · wall_segment Stone Wall x14 |
| 32:22 | TRANG · wall_segment Stone Wall x23 |
| 32:28 | 打井包出水 · age_up castle |
| 32:34 | TRANG · age_up imperial |
| 32:40 | TRANG · wall_segment Stone Wall x22 |
| 33:38 | 风亲云蛋 · first_building Archery Range |
| 34:03 | TRANG · wall_segment Stone Wall x8 |
| 34:28 | TRANG · first_building Archery Range |
| 34:40 | DaHeist · wall_segment Stone Wall x10 |
| 35:16 | 打井包出水 · first_building Castle |
| 35:40 | DaHeist · age_up imperial |
| 36:10 | trgouldi · age_up imperial |
| 36:38 | TRANG · wall_segment Stone Wall x1 |
| 42:37 | 风亲云蛋 · age_up imperial |
| 44:01 | TRANG · wall_segment Stone Wall x1 |
| 45:57 | Jamezbondage0069 · age_up imperial |
| 47:01 | 打井包出水 · age_up imperial |
| 48:47 | 风亲云蛋 · first_market_buy 100 stone |
| 49:42 | DaHeist · resign |
[ AI ANALYSIS · 1 CREDIT ]
What really happened in this match?
Wolo.gg analyzes every decision: build order, eco, micro, common mistakes by bracket. Personalized analysis on WhatsApp or Discord in 30 seconds.
Civ guide
Slavs
Perfil
Jugador #4502033